 Dungeon Crawl Stone Soup version 0.30.1-9-gdf580d7c3d (webtiles) character file.

Game seed: 10808908611479480540

7 Chiseanne the Digger (level 1, -1/15 HPs)
             Began as a Demonspawn Wanderer on Oct 3, 2023.
             Slain by a hobgoblin (3 damage)
             ... on level 1 of the Dungeon.
             The game lasted 00:00:43 (170 turns).

Chiseanne the Digger (Demonspawn Wanderer)           Turns: 170, Time: 00:00:44

Health: -1/15      AC:  2    Str: 12    XL:     1   Next: 83%
Magic:  2/2        EV: 12    Int: 16    God:
Gold:   7          SH:  0    Dex:  9    Spells: 2/2 levels left

rFire   . . .        f - +0 great sword (heavy)
rCold   . . .        (shield currently unavailable)
rNeg    . . .        c - +0 robe
rPois   .            (no helmet)
rElec   .            (no cloak)
rCorr   .            (no gloves)
SInv    .            (no boots)
Will    .....        (no amulet)
Stlth   +            (no ring)
HPRegen 0.22/turn    (no ring)
MPRegen 0.08/turn

%: no passive effects
@: no status effects
A: no striking features
a: no special abilities


You were on level 1 of the Dungeon.
You visited 1 branch of the dungeon, and saw 1 of its levels.

You collected 7 gold pieces.

Inventory:

Hand Weapons
 a - a +0 club
 f - a +0 heavy great sword (weapon)
 h - a +0 short sword
Missiles
 g - 3 stones (quivered)
Armour
 c - a +0 robe (worn)
Scrolls
 e - a scroll of acquirement {unknown}
Potions
 b - a potion of curing
 d - a potion of lignification


   Skills:
 * Level 1.3 Fighting
 * Level 2.0 Dodging
 - Level 1.0 Stealth
 * Level 1.2 Spellcasting
 - Level 1.1 Necromancy
 - Level 3.6 Earth Magic


You had 2 spell levels left.
You didn't know any spells.
Your spell library contained the following spells:

 Spells                   Type           Power      Damage    Failure   Level
 Sandblast                Erth           24%        2d8       4%          1
 Necrotise                Necr           16%        1d4       14%         1
 Vampiric Draining        Necr           4%         2d6       38%         3
 Animate Armour           Summ/Erth      12%        N/A       71%         4
 Leda's Liquefaction      Hex/Erth       3%         N/A       71%         4


Dungeon Overview and Level Annotations

Branches:
Dungeon (1/15)

Altars:


Message History

You barely miss the bat. The bat hits you but does no damage. The bat hits you.
The hobgoblin barely misses you. The hobgoblin closely misses you.
You closely miss the bat. The bat completely misses you.
The bat hits you but does no damage. The bat barely misses you.
The bat closely misses you. The hobgoblin hits you.
The bat completely misses you. The hobgoblin hits you.
You barely miss the hobgoblin. The bat closely misses you.
The hobgoblin hits you but does no damage.
The hobgoblin hits you. The bat closely misses you. The hobgoblin misses you.
You are too injured to fight recklessly!
You are too injured to fight recklessly!
You are too injured to fight recklessly!
You are too injured to fight recklessly!
You are too injured to fight recklessly!
You are too injured to fight recklessly!
You are too injured to fight recklessly!
You are too injured to fight recklessly!
You are too injured to fight recklessly!
You are too injured to fight recklessly!
You are too injured to fight recklessly!
You are too injured to fight recklessly!
You are too injured to fight recklessly!
You are too injured to fight recklessly!
You are too injured to fight recklessly!
You are too injured to fight recklessly!
You are too injured to fight recklessly!
You are too injured to fight recklessly!
You are too injured to fight recklessly!
The bat attacks as you move away! The bat misses you.
A rat comes into view.
Found 7 gold pieces.
The bat hits you but does no damage.
You barely miss the hobgoblin. The hobgoblin hits you.
The hobgoblin closely misses you. The rat barely misses you.
The hobgoblin attacks as you move away! The hobgoblin barely misses you.
Found a scroll labelled MYEQORO PIMYNT.
You completely miss the hobgoblin. The hobgoblin hits you.
* * * LOW HITPOINT WARNING * * *
The hobgoblin closely misses you. The hobgoblin hits you.
You die...

##.# #.#≈####.#..##..
##.# #.#≈#...........
##.# #..~.#.#.#..##.#
##.######..~...#.#......
+#.#.......~.###....#..#
..#.######≈## #......#
... #≈# #rb..#$# #≈#
#g##.# # ### #@# .# #.#
. ... .# ..... .####.#
#? #. . ## .


You could see a hobgoblin, a bat and a rat.

Vanquished Creatures
  A ball python (D:1)
  2 jackals (D:1)
  A kobold (D:1)
  2 rats (D:1)
6 creatures vanquished.

Notes
Turn   | Place    | Note
-------+----------+-------------------------------------------
     0 | D:1      | Chiseanne the Demonspawn Wanderer began the quest for the
                  | Orb.
     0 | D:1      | Chiseanne set off with the following items: a +0 club, a
                  | potion of curing, a +0 robe, a potion of lignification; and
                  | the following spells available to memorise: Sandblast,
                  | Necrotise, Vampiric Draining, Animate Armour, Leda's
                  | Liquefaction.
     0 | D:1      | Reached XP level 1. HP: 15/15 MP: 2/2
   170 | D:1      | Slain by a hobgoblin

Illustrated notes

Levels and vault maps discovered:
D:1:      saegor_arrival_simple_a, layout_loops_ring,
          hellmonk_ecumenical_altar_leap_of_faith, serial_rivers,
          chequers_serial_rivers_micro_a, chequers_serial_rivers_large_a,
          chequers_serial_rivers_room_a, chequers_serial_rivers_micro_b,
          chequers_serial_rivers_micro_d, nrook_campfire, dk_noncrumbling_3

Skill      XL: |  1 |
---------------+----+-----
Dodging        | 2 |  2.0
Fighting       | |  1.3
Stealth        | |  1.0
Spellcasting   | |  1.2
Necromancy     | |  1.1
Earth Magic    | |  3.6

Action                     || total
---------------------------++-------
  Melee: Great sword       ||    17
 Armour: Robe              ||     8
  Dodge: Dodged            ||    22
